 Dungeon Crawl Stone Soup version 0.30-a0-964-gd452b5e7fa (webtiles) character file.

Game seed: 15859992685107312279

109 MachoJfn the Chopper (level 4, -2/40 HPs)
             Began as a Hill Orc Monk on Mar 30, 2023.
             Slain by a goblin
             ... wielding a +0 antimagic dagger
             ... led by Robin
              (5 damage)
             ... on level 2 of the Dungeon.
             The game lasted 00:05:40 (800 turns).

MachoJfn the Chopper (Hill Orc Monk)                 Turns: 800, Time: 00:05:41

Health: -2/40      AC:  5    Str: 15    XL:     4   Next: 89%
Magic:  4/4        EV: 13    Int: 10    God:
Gold:   86         SH:  0    Dex: 13    Spells: 3/3 levels left

rFire   . . .      SeeInvis .    g - +4 short sword
rCold   + . .      Faith    .    (no shield)
rNeg    . . .      Spirit   .    j - +1 robe {rC+}
rPois   .          Reflect  .    (no helmet)
rElec   .          Rampage  .    d - +0 cloak
rCorr   .                        (no gloves)
Will    .....                    e - +0 pair of boots
Stlth   ++                       (no amulet)
HPRegen 0.26/turn                (no ring)
MPRegen 0.09/turn                (no ring)

@: no status effects
A: no striking features
a: no special abilities


You were on level 2 of the Dungeon.
You visited 1 branch of the dungeon, and saw 2 of its levels.

You collected 86 gold pieces.

Inventory:

Hand Weapons
 b - a +0 lajatang
 g - a +4 short sword (weapon)
Missiles
 f - 23 stones (quivered)
Armour
 d - a +0 cloak (worn)
 e - a +0 pair of boots (worn)
 j - a +1 robe of cold resistance (worn)
Scrolls
 h - a scroll of fear


   Skills:
 + Level 4.2 Fighting
 * Level 1.7 Short Blades
 - Level 4.9 Axes
 + Level 3.1 Dodging
 + Level 2.0 Stealth


You had 3 spell levels left.
You didn't know any spells.
Your spell library contained the following spells:

 Spells                   Type           Power      Damage    Failure   Level
 Magic Dart               Conj           0%         1d3       36%         1
 Call Imp                 Summ           0%         N/A       50%         2
 Mephitic Cloud           Conj/Pois/Air  0%         N/A       75%         3


Dungeon Overview and Level Annotations

Branches:
Dungeon (2/15)

Altars:
Gozag

Annotations:
D:2 Robin


Message History

Robin throws the goblin at you!
The goblin hits you but does no damage. x3
The goblin hits you with a +0 dagger.
* * * LOW HITPOINT WARNING * * *
Hit: g) +4 short sword
Press: ? - help, Dir - move target, f - goblin
Aim: a goblin, wielding a +0 club (about 40% to evade your +4 short sword)
You hit the goblin.
The goblin is severely wounded.
The giant cockroach bites you but does no damage.
The goblin hits you but does no damage. x2; The goblin hits you with a +0 club.
* * * LOW HITPOINT WARNING * * *
The goblin hits you but does no damage.
Robin roars a battlecry!
The goblin goes into a battle-frenzy!
Unknown command.
Hit: g) +4 short sword
Press: ? - help, Dir - move target, f/p - goblin
Aim: a goblin, wielding a +0 club (severely wounded, strong, about 40% to evade your +4 short sword)
You hit the goblin.
You kill the goblin!
The giant cockroach bites you but does no damage.
The goblin hits you but does no damage. x3; Robin drinks a potion.
Robin seems to speed up.
The giant cockroach bites you but does no damage.
Hit: g) +4 short sword
Press: ? - help, Dir - move target, f - giant cockroach
Aim: a giant cockroach (about 34% to evade your +4 short sword)
You hit the giant cockroach.
The giant cockroach is almost dead.
You feel less wooden.
Your +0 cloak unmelds from your body.
Your +0 pair of boots unmelds from your body.
Your +1 robe of cold resistance unmelds from your body.
You feel resistant to cold.
The goblin no longer looks unusually strong.
Robin throws the goblin at you! The giant cockroach closely misses you.
The goblin misses you. The goblin hits you but does no damage.
The goblin closely misses you.
The goblin hits you with a +0 antimagic dagger.
You die...

.... #... #.
### .#..#..## #
......)†#g#..#.
#....g@Bg....#
#....ggggg...#
#|....####..#.
#..#.# #.. #.
## . #


You could see Robin (fast), a giant cockroach, 3 hobgoblins and 4 goblins.

Vanquished Creatures
  Jessica (D:2)
  Natasha (D:2)
  2 adders (D:2)
  2 dart slugs
  2 endoplasms (D:2)
  A giant cockroach (D:2)
  8 goblins
  2 hobgoblins
  2 kobolds (D:2)
  2 quokkas
  3 ball pythons
  2 bats (D:1)
  4 frilled lizards
  4 rats
36 creatures vanquished.

Notes
Turn   | Place    | Note
-------+----------+-------------------------------------------
     0 | D:1      | MachoJfn the Hill Orc Monk began the quest for the Orb.
     0 | D:1      | Reached XP level 1. HP: 19/19 MP: 1/1
   198 | D:1      | Reached XP level 2. HP: 23/27 MP: 2/2
   551 | D:2      | Found an opulent altar of Gozag.
   590 | D:2      | Noticed Jessica
   597 | D:2      | Killed Jessica
   598 | D:2      | Reached XP level 3. HP: 30/33 MP: 3/3
   759 | D:2      | Reached XP level 4. HP: 13/40 MP: 4/4
   760 | D:2      | Noticed Natasha
   763 | D:2      | Reached skill level 1 in Short Blades
   766 | D:2      | Noticed Robin
   784 | D:2      | Killed Natasha
   800 | D:2      | Slain by a goblin

Illustrated notes

Levels and vault maps discovered:
D:1:      eino_arrival_cavern_a, layout_basic
D:2:      layout_rooms, basic_altar, nicolae_half_adder, uniq_jessica,
          uniq_natasha, uniq_robin

Skill      XL: |  1  2  3  4 |
---------------+-------------+-----
Fighting       | 4 |  4.2
Dodging        | 3 |  3.1
Stealth        | 2 |  2.0
Short Blades   | 1 |  1.7
Axes           | |  4.9

Action                     |  1- 3 |  4- 6 || total
---------------------------+-------+-------++-------
  Melee: Hand axe          |    66 |       ||    66
         Punch             |     2 |       ||     2
         Short sword       |    25 |    37 ||    62
    Use: Scroll            |     5 |       ||     5
         Potion            |       |     2 ||     2
   Stab: Sleeping          |     2 |       ||     2
 Armour: Robe              |    25 |     4 ||    29
         Skin              |       |   199 ||   199
  Dodge: Dodged            |    63 |    36 ||    99

Table legend: (Time is in decaauts)
 A = Elapsed time spent in this place.
 B = Non-inter-level travel time spent in this place.
 C = Inter-level travel time spent in this place.
 D = Time resting spent in this place.
 E = Time spent auto-exploring this place.
 F = Levels seen in this place.
 G = Mean time per level.
                   A        B        C        D        E       F      G
               +--------+--------+--------+--------+--------+-----+--------+
         Total |    813 |    669 |    144 |     94 |    306 |   2 |  406.5 |
       Dungeon |    813 |    669 |    144 |     94 |    306 |   2 |  406.5 |
               +--------+--------+--------+--------+--------+-----+--------+

Top non-repeatable levels by time:
     D:1: 542 daAuts
     D:2: 270 daAuts
